 Dungeon Crawl Stone Soup version 0.28-a0-87-g9a7839dea9 (webtiles) character file.

Game seed: 12450406558391755579

136604 pokeman the Sorcerer (level 16, -9/92 HPs)
             Began as a Deep Elf Hedge Wizard on Aug 5, 2021.
             Was a High Priest of Vehumet.
             Mangled by an alligator snapping turtle (32 damage)
             ... on level 2 of the Shoals on Aug 6, 2021.
             The game lasted 02:11:23 (38692 turns).

pokeman the Sorcerer (Deep Elf Hedge Wizard)       Turns: 38692, Time: 02:11:24

Health: -9/92      AC: 14    Str:  7    XL:     16   Next: 67%
Magic:  16/44      EV: 11    Int: 41    God:    Vehumet [*****.]
Gold:   4083       SH:  5    Dex: 14    Spells: 18/60 levels left

rFire   . . .      SeeInvis +   a - +9 rapier of Wu Jian's Outrage {protect, SInv}
rCold   + . .      Faith    .   p - +0 buckler
rNeg    . . .      Spirit   .   w - +0 acid dragon scales
rPois   +          Reflect  .   y - +0 helmet
rElec   +          Harm     .   q - +1 cloak {rC+}
rCorr   +          Rampage  .   W - +0 pair of gloves of the Forest {Fly rElec Slay-5}
Will    .....                   u - +0 pair of boots {Stlth+}
Stlth   ++........              h - amulet of regeneration
HPRegen 1.25/turn               f - +6 ring of intelligence
MPRegen 0.29/turn               P - ring of Xom's Malicious Joy {rPois Will- Int+8 Stlth+}

@: lit by a corona, swift, flying, glowing, studying Polearms, quick
A: no striking features
a: Renounce Religion


You were on level 2 of the Shoals.
You worshipped Vehumet.
Vehumet was extremely pleased with you.
You visited 5 branches of the dungeon, and saw 26 of its levels.
You visited the Abyss 2 times.
You also visited: Ossuary, Gauntlet and Ice Cave.

You collected 4083 gold pieces.

Inventory:

Hand Weapons
 a - the +9 rapier of Wu Jian's Outrage (weapon) {protect, SInv}
   (You found it on level 9 of the Dungeon)

   It grants its wielder temporary protection when it strikes (+7 to AC).
   SInv:      It lets you see invisible.
 c - the +9 hunting sling of Purpose {freeze, rCorr Dex+3}
   (You found it on level 2 of the Orcish Mines)

   Any ammunition fired from it freezes those it strikes, dealing additional
   cold damage.
   It can also slow down cold-blooded creatures.
   Dex:       It affects your dexterity (+3).
   rCorr:     It protects you from acid and corrosion.
 X - the +12 longbow of Brutal Revenge {venom, Drain rElec rPois SInv}
   (You took it off a minotaur in a Gauntlet)

   Any ammunition fired from it poisons the flesh of those it strikes.
   rElec:     It insulates you from electricity.
   rPois:     It protects you from poison.
   SInv:      It lets you see invisible.
   Drain:     It drains your maximum health when unequipped.
Missiles
 d - 505 arrows
 n - 3 throwing nets
Armour
 p - a +0 buckler (worn)
 q - a +1 cloak of cold resistance (worn)
 u - a +0 pair of boots of stealth (worn)
 w - +0 acid dragon scales (worn)
 y - a +0 helmet (worn)
 W - the +0 pair of gloves of the Forest (worn) {Fly rElec Slay-5}
   (You found it in a Gauntlet)

   Slay:      It affects your accuracy & damage with ranged weapons and melee
   (-5).
   rElec:     It insulates you from electricity.
   Fly:       It grants you flight.
Magical Staves
 Y - a staff of fire
Jewellery
 b - a +6 ring of dexterity
 f - a +6 ring of intelligence (left hand)
 h - an amulet of regeneration (around neck)
 P - the ring of Xom's Malicious Joy (right hand) {rPois Will- Int+8 Stlth+}
   (You found it in a Gauntlet)

   [ring of poison resistance]

   Int:       It affects your intelligence (+8).
   rPois:     It protects you from poison.
   Will:      It decreases your willpower.
   Stlth:     It makes you more stealthy.
Wands
 e - a wand of mindburst (41)
 U - a wand of acid (10)
Scrolls
 g - a scroll of fog
 j - 9 scrolls of teleportation
 m - a scroll of silence
 o - a scroll of amnesia
 r - 6 scrolls of magic mapping
 J - 5 scrolls of blinking
Potions
 i - 12 potions of curing
 k - 2 potions of haste
 l - 4 potions of magic
 s - 2 potions of invisibility
 x - 10 potions of heal wounds
 F - 4 potions of resistance
 I - a potion of lignification {unknown}
 N - 2 potions of attraction {unknown}
 R - a potion of experience {unknown}


   Skills:
 + Level 7.4 Fighting
 - Level 8.0 Armour
 - Level 3.0 Dodging
 - Level 3.1 Stealth
 - Level 4.0 Shields
 * Level 22.7 Spellcasting
 + Level 14.6 Conjurations
 - Level 1.1 Summonings
 - Level 1.1 Translocations
 - Level 1.0 Transmutations
 - Level 12.0 Fire Magic
 - Level 1.0 Ice Magic
 - Level 1.0 Air Magic
 + Level 8.8 Earth Magic
 - Level 1.0 Poison Magic
 - Level 1.1 Evocations


You had 18 spell levels left.
You knew the following spells:

 Your Spells              Type           Power      Damage    Failure   Level
a - Magic Dart            Conj           100%       1d8       0%          1
b - Mephitic Cloud        Conj/Pois/Air  75%        N/A       1%          3
c - Call Imp              Summ           54%        N/A       1%          2
d - Blink                 Tloc           N/A        N/A       1%          2
e - Conjure Flame         Conj/Fire      100%       6-21      0%          3
f - Foxfire               Conj/Fire      100%       2x1d9     0%          1
g - Fireball              Conj/Fire      51%        3d20      1%          5
h - Orb of Destruction    Conj           52%        9d16      1%          7
i - Swiftness             Air            53%        N/A       1%          3
j - Passwall              Tmut/Erth      60%        N/A       1%          2
k - Freezing Cloud        Conj/Ice/Air   37%        6-21      1%          5
l - Lehudib's Crystal Sp  Conj/Erth      48%        10d12     11%         8

Your spell library contained the following spells:

 Spells                   Type           Power      Damage    Failure   Level
 Bolt of Magma            Conj/Fire/Erth 48%        4d20      1%          5
 Apportation              Tloc           100%       N/A       1%          1
 Corona                   Hex            51%        N/A       1%          1
 Corpse Rot               Necr/Air       N/A        N/A       1%          2
 Ensorcelled Hibernation  Hex/Ice        100%       N/A       1%          2
 Poisonous Vapours        Pois/Air       100%       N/A       1%          2
 Slow                     Hex            46%        N/A       1%          2
 Static Discharge         Conj/Air       84%        N/A       1%          2
 Gell's Gravitas          Tloc           27%        N/A       1%          3
 Inner Flame              Hex/Fire       77%        N/A       1%          3
 Lesser Beckoning         Tloc           27%        N/A       1%          3
 Ozocubu's Armour         Ice            53%        N/A       1%          3
 Teleport Other           Tloc           54%        N/A       1%          3
 Airstrike                Air            26%        N/A       1%          4
 Iskenderun's Battlesphe  Conj           100%       2d15      1%          5
 Lightning Bolt           Conj/Air       42%        1d61      1%          5
 Conjure Ball Lightning   Conj/Air       42%        3x3d15    1%          6
 Confusing Touch          Hex            46%        N/A       2%          3
 Tukima's Dance           Hex            46%        N/A       2%          3
 Vampiric Draining        Necr           23%        2d9       2%          3
 Borgnjor's Vile Clutch   Necr/Erth      35%        N/A       3%          5
 Passage of Golubria      Tloc           N/A        N/A       4%          4
 Summon Lightning Spire   Summ/Air       53%        N/A       4%          4
 Yara's Violent Unravell  Hex/Tmut       25%        3d11      4%          5
 Animate Dead             Necr           23%        N/A       8%          4
 Dispel Undead            Necr           46%        3d18      8%          4
 Alistair's Intoxication  Tmut/Pois      35%        N/A       13%         5
 Metabolic Englaciation   Hex/Ice        25%        N/A       17%         5
 Silence                  Hex/Air        25%        N/A       17%         5
 Simulacrum               Ice/Necr       25%        N/A       67%         6
 Death Channel            Necr           23%        N/A       75%         6
 Invisibility             Hex            23%        N/A       75%         6
 Maxwell's Capacitive Co  Air            26%        ∞         99%         8
 Discord                  Hex            23%        N/A       100%        8
 Disjunction              Tloc           27%        N/A       100%        8


Dungeon Overview and Level Annotations

Branches:
Dungeon (15/15)            Temple (1/1) D:6            Lair (6/6) D:8
 Shoals (2/4) Lair:3        Snake (0/4) Lair:3        Slime (0/5) Lair:6
    Orc (2/2) D:10            Elf (0/3) Orc:2        Vaults (0/5) D:13
 Depths (0/5) D:15        Ossuary (visited)           IceCv (visited)
Gauntlet (visited)

Altars:
Dithmenos
Elyvilon
Gozag
Kikubaaqudgha
Makhleb
Okawaru
Ru
Trog
Uskayaw
Vehumet
Wu Jian
Xom
Yredelemnul
The Shining One
Beogh
Jiyva

Shops:
D:8 [   Orc:2 *[:?*


Message History

Your surroundings seem slightly different.
The faun unwields a spear.
The faun wields a hunting sling.
The faun shoots a stone.
You block the stone.
Found 16 gold pieces.
A faun comes into view. It is wielding a +0 hunting sling.
Unknown command.
The faun points at you and mumbles some strange words.
You are outlined in light.
The faun shoots a stone.
The stone hits you but does no damage.
The faun shoots a stone.
The stone closely misses you.
Found 16 stones.
Casting: Fireball (safe; 1% risk of failure)
Confirm with . or Enter, or press ? or * to list all spells.
Aiming: Fireball (safe; 1% risk of failure)
Press: ? - help, Shift-Dir - straight line, p - alligator snapping turtle The fireball explodes!
The fireball engulfs the sea snake!!
The sea snake is almost dead.
You hear a shout! x3; You hear a screech!
You hear a shout! x2
The sea snake is engulfed in a cloud of scalding steam.
The sea snake bites you but does no damage.
Unknown command.
You hit the sea snake.
Your weapon exudes an aura of protection.
You kill the sea snake!
Vehumet accepts your kill.
A water nymph comes into view.
Unknown command.
You are engulfed in a cloud of scalding steam.
You are engulfed in a cloud of scalding steam.
The water nymph casts a spell at you. The water rises up and strikes you!!
* * * LOW HITPOINT WARNING * * *
The faun shoots a stone.
The stone hits you but does no damage.
Casting: Fireball (safe; 1% risk of failure)
Confirm with . or Enter, or press ? or * to list all spells.
You feel quick.
The water nymph flows with the water.
You block the alligator snapping turtle's attack.
The alligator snapping turtle bites you from afar!!
You die...

≈≈≈≈≈≈≈ ≈≈≈≈≈≈≈ ≈≈≈≈≈≈≈
.≈≈≈≈≈≈≈≈≈ ≈≈≈≈≈≈.
...≈≈≈≈≈≈≈. ≈≈≈≈≈≈.
....≈≈≈≈≈≈.≈ .≈≈≈≈≈.
....≈≈≈..... ..≈≈≈..
#..≈≈≈≈≈.≈.≈
.......###≈≈.≈≈≈≈.≈(≈
#....@.≈m≈≈≈≈.....≈
##..≈$.≈≈≈≈≈...... P≈≈
#.....t≈≈≈....... PP≈≈≈.
###....≈≈...##.. P≈≈P≈..
####.≈≈†.## ≈≈≈≈≈≈..# ####
#.≈≈.## ..
≈≈≈≈≈≈≈.####..###.≈≈.c##....
≈≈≈≈≈≈≈≈≈....§.....≈≈≈.......
≈≈PP≈≈≈≈≈≈wS≈≈≈....≈≈≈≈≈≈...≈


You could see an alligator snapping turtle, a faun and a water nymph.

Vanquished Creatures
  A kraken (Shoals:1)
  Ilsuiw (Shoals:2)
  The ghost of robertstho the Eclecticist, a journeyman DjFE of Gozag (Orc:2)
  Aizul (Shoals:1)
  An orc warlord (Orc:2)
  A very ugly thing (D:10)
  A minotaur (Gauntlet)
  3 merfolk impalers
  2 ettins (Orc:2)
  7 hydras
  2 ogre magi
  Erolcha (D:11)
  5 boulder beetles
  A catoblepas (Lair:6)
  A merfolk aquamancer (Shoals:1)
  A centaur warrior (D:15)
  2 merfolk avatars (Shoals:1)
  2 alligator snapping turtles
  16 two-headed ogres
  A death knight (D:15)
  Erica (D:9)
  3 tengu warriors
  9 death yaks (Lair:6)
  A deep troll shaman (Lair:6)
  A vampire mage (D:15)
  An orc high priest (Orc:1)
  Sonja (D:11)
  4 skeletal warriors (D:15)
  A sixfirhy (Abyss:2)
  5 sea snakes
  A shadow dragon zombie (D:15)
  8 orc knights (Orc:2)
  A tengu zombie (D:15)
  11 harpies (Shoals:1)
  2 necromancers
  Pikel (D:8)
  2 wizards (D:10)
  2 deep elf pyromancers (D:14)
  A wolf spider zombie (D:14)
  An orc sorcerer (Orc:2)
  2 oklob plants
  A sphinx skeleton (D:15)
  2 cyclopes
  Maurice (D:8)
  6 manticores
  14 ugly things
  A fire giant zombie (D:15)
  16 elephants
  3 ice statues (IceCv)
  Joseph (D:8)
  2 merfolk sirens
  2 black mambas (Lair:4)
  2 gargoyles
  Maggie (D:8)
  3 water nymphs
  10 cane toads
  2 torpor snails
  Psyche (D:8)
  An efreet (D:13)
  12 komodo dragons
  An unseen horror (D:12)
  2 rime drakes
  A freezing wraith (D:15)
  An anaconda simulacrum (IceCv)
  A queen bee (Lair:4)
  2 wind drakes (Shoals:1)
  9 meliai
  9 merfolk
  5 polar bears
  5 trolls
  Prince Ribbit (D:7)
  A harpy skeleton (D:14)
  8 slime creatures
  23 blink frogs
  A meliai zombie (D:10)
  A snapping turtle (Shoals:1)
  Sigmund (D:5)
  8 flying skulls (Gauntlet)
  A shadow (D:11)
  A dire elephant simulacrum (IceCv)
  5 water elementals
  2 ynoxinuls
  3 basilisks
  A wraith (D:12)
  5 wyverns
  A neqoxec (Abyss:2)
  43 yaks
  A death yak simulacrum (IceCv)
  A small abomination (Abyss:2)
  5 golden eyes (Abyss:2)
  A steam dragon (D:7)
  3 vampire mosquitoes (D:13)
  Menkaure (D:7)
  A harpy simulacrum (IceCv)
  8 wargs
  2 acid dragons
  4 nagas (Lair:3)
  8 water moccasins
  An acid dragon (shapeshifter) (D:13)
  2 spectral trolls (Orc:2)
  An ettin simulacrum (Orc:2)
  2 black bears
  A necrophage (D:5)
  43 orc warriors
  8 ogres
  3 phantoms
  11 centaurs
  22 wolves
  A lemure (D:8)
  2 wyvern zombies
  A two-headed ogre simulacrum (Orc:2)
  8 bullfrogs
  A gnoll sergeant (D:9)
  A scorpion (D:5)
  A cane toad simulacrum (IceCv)
  A spectral ogre (Orc:2)
  37 killer bees
  3 wights (Abyss:3)
  9 electric eels
  9 howler monkeys
  2 centaur zombies (D:9)
  12 jellies
  Crazy Yiuf (D:7)
  4 centaur skeletons
  A gnoll shaman (D:4)
  15 orc priests
  4 hounds
  Ijyb (D:5)
  16 orc wizards
  6 iguanas
  3 spectral orcs (Orc:2)
  A polar bear simulacrum (IceCv)
  3 killer bee zombies
  A wolf simulacrum (IceCv)
  A hound zombie (D:5)
  7 mummies
  7 adders
  11 gnolls
  A white imp (Abyss:2)
  An ufetubus (D:4)
  3 adder skeletons
  4 worms
  2 dart slugs (D:4)
  87 orcs
  8 ball pythons
  4 bats
  19 endoplasms
  4 giant cockroaches
  6 goblins
  7 hobgoblins
  7 jackals
  3 quokkas (D:1)
  2 frilled lizards
  2 hobgoblin zombies
  11 kobolds
  4 kobold zombies (Ossuary)
  2 orc zombies
  5 rats
  2 tentacles (Shoals:1)
816 creatures vanquished.

Vanquished Creatures (collateral kills)
  An ogre (D:7)
  A bullfrog (D:7)
  A killer bee (D:9)
  2 mummies (Ossuary)
  A jackal (D:1)
  2 hobgoblin zombies (Ossuary)
  2 foxfires (D:14)
10 creatures vanquished.

Vanquished Creatures (others)
  2 electric eels (D:10)
  A jackal (D:1)
  304 foxfires
  39 fungi
  A lurking horror (Abyss:3)
  100 plants
  10 tentacles
  15 withered plants (D:15)
472 creatures vanquished.

Grand Total: 1298 creatures vanquished

Notes
Turn   | Place    | Note
-------+----------+-------------------------------------------
     0 | D:1      | pokeman the Deep Elf Hedge Wizard began the quest for the
                  | Orb.
     0 | D:1      | Reached XP level 1. HP: 10/10 MP: 7/7
   444 | D:1      | Reached XP level 2. HP: 15/15 MP: 6/9
  1060 | D:1      | Reached skill level 5 in Spellcasting
  1247 | D:2      | Reached XP level 3. HP: 17/20 MP: 4/11
  1251 | D:2      | Learned a level 3 spell: Mephitic Cloud
  1254 | D:2      | Learned a level 2 spell: Call Imp
  1257 | D:2      | Learned a level 2 spell: Blink
  1261 | D:2      | Learned a level 3 spell: Conjure Flame
  1445 | D:2      | Reached skill level 1 in Armour
  1447 | D:2      | Reached skill level 1 in Fighting
  2007 | D:3      | Reached XP level 4. HP: 25/25 MP: 7/13
  2086 | D:3      | Noticed a phantom
  2105 | D:3      | Killed a phantom
  2106 | D:3      | Reached skill level 1 in Shields
  2106 | D:3      | Reached skill level 6 in Spellcasting
  2106 | D:3      | Reached XP level 5. HP: 9/29 MP: 0/15
  2429 | D:3      | Reached skill level 1 in Fire Magic
  2529 | D:3      | Found a faded altar of an unknown god.
  2793 | D:3      | Learned a level 5 spell: Fireball
  2814 | D:3      | Reached skill level 1 in Air Magic
  3158 | D:4      | Reached XP level 6. HP: 23/34 MP: 0/17
  3542 | D:4      | Reached skill level 1 in Poison Magic
  3736 | D:4      | Reached skill level 7 in Spellcasting
  4283 | D:5      | Entered Level 5 of the Dungeon
  4363 | D:5      | Reached XP level 7. HP: 29/38 MP: 5/20
  4488 | D:5      | Reached skill level 8 in Spellcasting
  4707 | D:5      | Noticed Sigmund
  4998 | D:5      | Killed Sigmund
  4999 | D:5      | Reached XP level 8. HP: 18/44 MP: 8/22
  5294 | D:5      | Noticed Ijyb
  5308 | D:5      | Killed Ijyb
  5309 | D:5      | Reached skill level 9 in Spellcasting
  5617 | D:6      | Reached skill level 1 in Evocations
  5930 | D:5      | Reached skill level 5 in Conjurations
  6203 | D:5      | Found an opulent altar of Gozag.
  6462 | D:6      | Found a staircase to the Ecumenical Temple.
  6467 | D:6      | Reached skill level 10 in Spellcasting
  6472 | Temple   | Entered the Ecumenical Temple
  6759 | Temple   | Became a worshipper of Vehumet
  8273 | D:7      | Noticed Menkaure
  8280 | D:7      | Killed Menkaure
  8281 | D:7      | Reached XP level 9. HP: 50/50 MP: 17/25
  8326 | D:7      | Found a sand-covered staircase.
  8337 | Ossuary  | Entered an ossuary
  8954 | D:7      | Reached skill level 5 in Fire Magic
  9145 | D:7      | Learned a level 7 spell: Orb of Destruction
  9153 | D:7      | Found a runed translucent door.
  9154 | D:7      | Noticed Crazy Yiuf
  9180 | D:7      | Killed Crazy Yiuf
  9181 | D:7      | Reached skill level 11 in Spellcasting
  9324 | D:7      | Noticed Prince Ribbit
  9348 | D:7      | Killed Prince Ribbit
  9450 | D:7      | Found a burning altar of Makhleb.
  9955 | D:7      | Found an iron altar of Okawaru.
  9984 | D:8      | Reached * piety under Vehumet
  9984 | D:8      | Offered knowledge of Foxfire by Vehumet.
  9996 | D:8      | Learned a level 1 spell: Foxfire
 10077 | D:8      | Found Qimaub's Antique Armour Boutique.
 10092 | D:8      | Noticed Psyche
 10102 | D:8      | Killed Psyche
 10103 | D:8      | Reached skill level 12 in Spellcasting
 10360 | D:8      | Found a staircase to the Lair.
 10375 | D:8      | Noticed a two-headed ogre
 10389 | D:8      | Killed a two-headed ogre
 10390 | D:8      | Reached XP level 10. HP: 56/56 MP: 7/28
 10646 | D:8      | Noticed Pikel
 10658 | D:8      | Killed Pikel
 10738 | D:8      | Noticed Maurice
 10757 | D:8      | Killed Maurice
 10758 | D:8      | Reached skill level 13 in Spellcasting
 11005 | D:8      | Noticed Maggie
 11019 | D:8      | Killed Maggie
 11140 | D:8      | Noticed Joseph
 11156 | D:8      | Killed Joseph
 11593 | D:9      | Offered knowledge of Shock by Vehumet.
 11594 | D:9      | Reached ** piety under Vehumet
 11634 | D:9      | Noticed a two-headed ogre
 11726 | D:9      | Killed a two-headed ogre
 11782 | D:9      | Found a sacrificial altar of Ru.
 11784 | D:9      | Identified the +9 rapier of Wu Jian's Outrage {protect,
                  | SInv}
 12287 | D:9      | Noticed Erica
 12294 | D:9      | Killed Erica
 12295 | D:9      | Reached skill level 14 in Spellcasting
 12295 | D:9      | Reached XP level 11. HP: 29/60 MP: 10/31
 12650 | D:10     | Entered Level 10 of the Dungeon
 12861 | D:10     | Identified the +6 spear of Twilight {venom, *Noise rPois
                  | Int+2}
 13078 | D:10     | Noticed a two-headed ogre
 13099 | D:10     | Offered knowledge of Searing Ray by Vehumet.
 13105 | D:10     | Killed a two-headed ogre
 13245 | D:10     | Found a staircase to the Orcish Mines.
 13297 | D:10     | Noticed a green ugly thing
 13304 | D:10     | Killed a green ugly thing
 13304 | D:10     | Noticed a brown ugly thing
 13304 | D:10     | Noticed a brown ugly thing
 13304 | D:10     | Noticed a green ugly thing
 13304 | D:10     | Noticed a cyan ugly thing
 13319 | D:10     | Noticed a red ugly thing
 13320 | D:10     | Killed a green ugly thing
 13322 | D:10     | Killed a brown ugly thing
 13322 | D:10     | Reached *** piety under Vehumet
 13323 | D:10     | Killed a brown ugly thing
 13324 | D:10     | Reached skill level 15 in Spellcasting
 13330 | D:10     | Killed a cyan ugly thing
 13331 | D:10     | Killed a cyan ugly thing
 13400 | D:10     | Noticed a wizard
 13401 | D:10     | Cast into level 3 of the Abyss (a wizard)
 13505 | Abyss:3  | Noticed a tentacled starspawn
 13516 | Abyss:3  | Noticed a large abomination
 13524 | Abyss:3  | Noticed a starcursed mass
 13653 | D:10     | Escaped the Abyss
 13655 | D:10     | Killed a wizard
 13762 | D:10     | Noticed a brown very ugly thing
 13762 | D:10     | Noticed a wizard
 13766 | D:10     | Killed a brown very ugly thing
 13767 | D:10     | Cast into level 2 of the Abyss (a wizard)
 14023 | Abyss:2  | Noticed a sixfirhy
 14026 | Abyss:2  | Killed a sixfirhy
 14080 | Abyss:2  | Found a corrupted altar of Lugonu.
 14085 | Abyss:2  | Reached XP level 12. HP: 63/66 MP: 25/33
 14199 | D:10     | Escaped the Abyss
 14416 | D:10     | Offered knowledge of Stone Arrow by Vehumet.
 14737 | D:11     | Found a gate leading to a gauntlet.
 14746 | Gauntlet | Entered a Gauntlet
 14746 | Gauntlet | Found a transporter.
 14756 | Gauntlet | Found a transporter.
 14759 | Gauntlet | Found a transporter.
 14760 | Gauntlet | Found a transporter.
 14769 | Gauntlet | Found a transporter.
 14771 | Gauntlet | Found a transporter.
 14772 | Gauntlet | Found a transporter.
 14780 | Gauntlet | Found a transporter.
 14783 | Gauntlet | Found a transporter.
 14784 | Gauntlet | Found a transporter.
 14792 | Gauntlet | Found a transporter.
 14795 | Gauntlet | Found a transporter.
 14796 | Gauntlet | Found a transporter.
 14803 | Gauntlet | Noticed a seven-headed hydra
 14804 | Gauntlet | Found a transporter.
 14932 | Gauntlet | Reached skill level 16 in Spellcasting
 15080 | Gauntlet | Reached skill level 10 in Conjurations
 15462 | Gauntlet | Identified the ring of Jiuday {rElec Int-2 Slay+4 SInv
                  | Stlth+}
 15553 | Gauntlet | Identified the ring of Xom's Malicious Joy {rPois Will-
                  | Int+8 Stlth+}
 15589 | Gauntlet | Killed a seven-headed hydra
 15718 | Gauntlet | Identified the +0 pair of gloves of the Forest {Fly rElec
                  | Slay-5}
 15773 | Gauntlet | Identified the +12 longbow of Brutal Revenge {venom, Drain
                  | rElec rPois SInv}
 15773 | Gauntlet | Identified the ring "Ifylac" {*Slow +Blink rElec Int+4
                  | Dex+6}
 15773 | Gauntlet | Noticed a minotaur
 15916 | Gauntlet | Killed a minotaur
 16292 | D:11     | Noticed Sonja
 16297 | D:11     | Killed Sonja
 16298 | D:11     | Reached skill level 5 in Fighting
 16298 | D:11     | Reached skill level 10 in Fire Magic
 16560 | D:11     | Identified the +5 war axe of Gusu Cyph {vamp, *Noise rC+
                  | Str+3 Dex+4}
 16621 | D:11     | Noticed a two-headed ogre
 16625 | D:11     | Killed a two-headed ogre
 16625 | D:11     | Reached **** piety under Vehumet
 16626 | D:11     | Reached skill level 17 in Spellcasting
 17056 | D:11     | Noticed Erolcha
 17060 | D:11     | Killed Erolcha
 17060 | D:11     | Offered knowledge of Olgreb's Toxic Radiance by Vehumet.
 17261 | D:12     | Noticed a two-headed ogre
 17264 | D:12     | Killed a two-headed ogre
 17574 | D:12     | Reached XP level 13. HP: 72/72 MP: 21/36
 18236 | D:12     | Learned a level 3 spell: Swiftness
 18239 | D:12     | Learned a level 2 spell: Passwall
 18272 | D:13     | Identified the ring of Guiran {rElec SInv}
 18333 | D:13     | Found a frozen archway.
 18340 | IceCv    | Entered an ice cave
 18584 | IceCv    | Reached skill level 5 in Armour
 18717 | IceCv    | Reached skill level 1 in Earth Magic
 18723 | IceCv    | Reached skill level 1 in Transmutations
 18916 | IceCv    | Learned a level 5 spell: Freezing Cloud
 19124 | D:13     | Reached skill level 1 in Ice Magic
 19415 | D:13     | Reached skill level 18 in Spellcasting
 19415 | D:13     | Found a gate to the Vaults.
 20434 | D:14     | Reached ***** piety under Vehumet
 20630 | D:14     | Offered knowledge of Spellforged Servitor by Vehumet.
 21624 | D:14     | Reached skill level 19 in Spellcasting
 21624 | D:14     | Reached XP level 14. HP: 78/78 MP: 22/39
 21766 | D:15     | Entered Level 15 of the Dungeon
 22073 | D:15     | Found a staircase to the Depths.
 22761 | D:15     | Found an iron altar of Okawaru.
 23994 | Lair:1   | Entered Level 1 of the Lair of Beasts
 24007 | Lair:1   | Learned a level 8 spell: Lehudib's Crystal Spear
 24007 | Lair:1   | Upgraded the game from 0.28-a0-80-g9707f7362f to
                  | 0.28-a0-87-g9a7839dea9
 24253 | Lair:1   | You are sucked into a shaft and drop 1 floor!
 25519 | Lair:2   | Reached skill level 20 in Spellcasting
 25797 | Lair:2   | Offered knowledge of Fulminant Prism by Vehumet.
 26963 | Lair:3   | Found a staircase to the Snake Pit.
 26976 | Lair:3   | Found a staircase to the Shoals.
 27208 | Lair:3   | Identified a scroll of acquirement
 27209 | Lair:3   | Acquired 1150 gold pieces
 28015 | Lair:4   | Reached XP level 15. HP: 85/85 MP: 38/41
 29895 | Lair:5   | Reached skill level 5 in Earth Magic
 30476 | Lair:6   | Entered Level 6 of the Lair of Beasts
 30858 | Lair:6   | Found a staircase to the Slime Pits.
 30869 | Lair:6   | Found a viscous altar of Jiyva.
 30990 | Lair:6   | Reached skill level 21 in Spellcasting
 32318 | Lair:6   | Found the +7 great mace "Firestarter" {inner flame, rF++}
 32781 | Orc:1    | Entered Level 1 of the Orcish Mines
 32952 | Orc:2    | Entered Level 2 of the Orcish Mines
 33017 | Orc:2    | Found a runed translucent gate.
 33018 | Orc:2    | Found a runed translucent gate.
 33019 | Orc:2    | Found a runed translucent gate.
 33034 | Orc:2    | Found Dattubb's Assorted Antiques.
 33073 | Orc:2    | Noticed robertstho's ghost (journeyman DjFE)
 33282 | Orc:2    | Offered knowledge of Lee's Rapid Deconstruction by Vehumet.
 34510 | Orc:2    | Found a bloodstained altar of Trog.
 34543 | Orc:2    | Found a staircase to the Elven Halls.
 34569 | Orc:2    | Found Luxt's Armour Boutique.
 34569 | Orc:2    | Found Uhikla's Book Emporium.
 34973 | Orc:2    | Found Facsargh's Magic Scroll Boutique.
 34973 | Orc:2    | Found Aquoll's General Store.
 35342 | Orc:2    | Killed robertstho's ghost
 35424 | Orc:2    | Identified the +9 hunting sling of Purpose {freeze, rCorr
                  | Dex+3}
 35495 | Orc:1    | Noticed an orc warlord
 35501 | Orc:2    | Reached XP level 16. HP: 56/92 MP: 36/43
 35975 | Orc:1    | Reached ****** piety under Vehumet
 35980 | Orc:1    | Offered knowledge of Bolt of Magma by Vehumet.
 35983 | Orc:1    | Reached skill level 22 in Spellcasting
 36432 | Shoals:1 | Entered Level 1 of the Shoals
 37278 | Shoals:1 | Noticed Aizul
 37480 | Shoals:1 | Killed Aizul
 37741 | Shoals:1 | Noticed a kraken
 37749 | Shoals:1 | Killed a kraken
 37942 | Shoals:2 | Noticed Ilsuiw
 38456 | Shoals:2 | Killed Ilsuiw
 38667 | Shoals:2 | Noticed a kraken
 38692 | Shoals:2 | Mangled by an alligator snapping turtle

Illustrated notes

Levels and vault maps discovered:
D:1:      wander_arrival_chamber, layout_basic, serial_bayou_lake_a
D:2:      layout_rooms
D:3:      layout_rooms, basic_ecumenical_altar
D:4:      layout_rooms
D:5:      layout_basic, marbit_many_paths, hex_intersection, uniq_sigmund,
          uniq_ijyb
D:6:      layout_basic, minmay_temple_entry_slanted
D:7:      layout_loops_ring, kennysheep_mini, mainiacjoe_overflow_paths,
          nicolae_ossuary_entry_giza, supply_closet_lemuel, uniq_menkaure,
          uniq_crazy_yiuf_cottage, uniq_prince_ribbit1
D:8:      layout_basic, lair_entry_dummy, nicolae_take_the_stairs,
          roderic_three_in_a_row, uniq_maurice, uniq_psyche, uniq_maggie,
          uniq_pikel, uniq_joseph
D:9:      layout_basic, mainiacjoe_overflow_chevrons, uniq_erica
D:10:     cheibrodos_breeding_chamber, layout_basic, david_orc_3, serial_curves,
          eino_curves_03, eino_curves_04
D:11:     layout_basic, gauntlet_entry_generic, minmay_misc_feat_tower,
          minmay_misc_feat_rows, uniq_sonja, uniq_erolcha
D:12:     layout_basic, corexii_checkpoint_b
D:13:     layout_loops_corners, david_vaults_2, portal_ice_cave_entry_pillars_1
D:14:     layout_gridville, nicolae_two_hexagons, chequers_big_river
D:15:     gammafunk_depths_entry_grave, layout_gridville,
          okawaru_ov_weapons_minmay
Temple:   dpeg_five_rooms_temple
Lair:1:   layout_cave_pods, fungi_pond_lemuel, chequers_serial_rivers_micro_a,
          grunt_megastairs_2
Lair:2:   layout_chaotic_city, grunt_megastairs_5, infiniplex_staircase_pool
Lair:3:   layout_hall_layers, minmay_shoals_entry_lonely_mermaid,
          minmay_snake_entry_guardpost_small
Lair:4:   layout_hall_layers, special_room [special_room_bee], serial_bayou,
          serial_bayou_pond_d, serial_bayou_ford_a, serial_bayou_pond_c,
          serial_bayou_shore_a, serial_bayou_shore_b
Lair:5:   lemuel_slime, layout_loops_ring
Lair:6:   grunt_lair_end_beastmaster, layout_layer_cave, slime_altar_1,
          minivault_25
Shoals:1: layout_shoals, uniq_aizul
Shoals:2: layout_shoals, uniq_ilsuiw
Orc:1:    layout_caves, basic_altar
Orc:2:    st_orc_town, layout_caves, gammafunk_ghost_necromancy, serial_shops,
          shop_fountains, david_defended_altar_orc

Skill      XL: |  1  2  3  4  5  6  7  8  9 10 11 12 13 14 15 16 |
---------------+-------------------------------------------------+-----
Spellcasting   | 5 6 7 8 10 12 14 15 17 19 20 21 22 | 22.7
Armour         | 1 3 4 6 7 8 |  8.0
Fighting       | 1 2 3 5 6 7 |  7.4
Conjurations   | 2 3 4 5 7 8 9 10 12 13 14 | 14.6
Dodging        | 3 |  3.0
Shields        | 1 2 4 |  4.0
Fire Magic     | 1 2 3 4 6 7 9 10 11 12 | 12.0
Air Magic      | 1 |  1.0
Poison Magic   | 1 |  1.0
Stealth        | 3 |  3.1
Evocations     | 1 |  1.1
Earth Magic    | 1 4 7 8 |  8.8
Transmutations | 1 |  1.0
Ice Magic      | 1 |  1.0
Summonings     | |  1.1
Translocations | |  1.1

Action                   |  1- 3 |  4- 6 |  7- 9 | 10-12 | 13-15 | 16-18 || total
-------------------------+-------+-------+-------+-------+-------+-------++-------
Melee: Dagger            |    13 |       |       |       |       |       ||    13
       War axe           |       |    11 |    82 |    26 |       |       ||   119
       Rapier            |       |       |       |    52 |    46 |     1 ||    99
       Spear             |       |       |       |     1 |       |       ||     1
       Staff             |       |       |       |       |       |     1 ||     1
Throw: Dart              |     1 |       |       |       |       |       ||     1
 Cast: Magic Dart        |   111 |   182 |   151 |    16 |     1 |       ||   461
       Conjure Flame     |       |     2 |    21 |    38 |     7 |       ||    68
       Mephitic Cloud    |       |     3 |    37 |    29 |    18 |     1 ||    88
       Blink             |       |       |     3 |     8 |    19 |    15 ||    45
       Call Imp          |       |       |    13 |    14 |       |     1 ||    28
       Foxfire           |       |       |    34 |    65 |    72 |     1 ||   172
       Fireball          |       |       |       |    96 |   473 |   127 ||   696
       Orb of Destructio |       |       |       |     6 |    31 |     8 ||    45
       Freezing Cloud    |       |       |       |       |    11 |     1 ||    12
       Passwall          |       |       |       |       |     1 |       ||     1
       Swiftness         |       |       |       |       |       |     1 ||     1
Evoke: Wand              |       |       |       |    11 |     2 |     1 ||    14
  Use: Scroll            |       |       |       |    19 |    14 |     3 ||    36
 Stab: Confused          |       |     2 |     6 |     4 |     1 |       ||    13
Armor: Robe              |     7 |     4 |     3 |       |       |       ||    14
       Leather armour    |       |       |    16 |     3 |       |       ||    19
       Steam dragon scal |       |       |       |    61 |       |       ||    61
       Acid dragon scale |       |       |       |     5 |    65 |    31 ||   101
Dodge: Dodged            |    24 |    45 |    90 |   100 |    62 |    44 ||   365
Block: Buckler           |       |       |       |     5 |    37 |    18 ||    60

Table legend: (Time is in decaauts)
 A = Elapsed time spent in this place.
 B = Non-inter-level travel time spent in this place.
 C = Inter-level travel time spent in this place.
 D = Time resting spent in this place.
 E = Time spent auto-exploring this place.
 F = Levels seen in this place.
 G = Mean time per level.
                   A        B        C        D        E       F      G
               +--------+--------+--------+--------+--------+-----+--------+
         Total |  38864 |  36915 |   1949 |   5355 |  25965 |  31 | 1253.7 |
       Dungeon |  20884 |  19544 |   1340 |   1321 |  15601 |  15 | 1392.3 |
        Temple |    476 |    411 |     65 |      0 |    283 |   1 |  476.0 |
          Lair |   8616 |   8269 |    347 |    740 |   6780 |   6 | 1436.0 |
        Shoals |   2266 |   2218 |     48 |    848 |   1005 |   2 | 1133.0 |
  Orcish Mines |   3549 |   3402 |    147 |    851 |   1890 |   2 | 1774.5 |
         Abyss |    682 |    682 |      0 |    248 |      0 |   2 |  341.0 |
       Ossuary |    583 |    583 |      0 |    177 |    289 |   1 |  583.0 |
      Ice Cave |    607 |    607 |      0 |    429 |     19 |   1 |  607.0 |
      Gauntlet |   1198 |   1198 |      0 |    741 |     98 |   1 | 1198.0 |
               +--------+--------+--------+--------+--------+-----+--------+

Top non-repeatable levels by time:
   Orc:2: 2965 daAuts
     D:6: 2269 daAuts
Shoals:1: 2090 daAuts
  Lair:4: 1936 daAuts
     D:8: 1808 daAuts
  Lair:6: 1800 daAuts
    D:14: 1795 daAuts
    D:15: 1789 daAuts
     D:5: 1552 daAuts
    D:10: 1479 daAuts
  Lair:1: 1469 daAuts
     D:4: 1385 daAuts
    D:13: 1281 daAuts
  Lair:5: 1270 daAuts
    D:11: 1221 daAuts
